 Dungeon Crawl Stone Soup version 0.29.1-1-gd02db6906a (webtiles) character file.

Game seed: 6816007931380515351

31397 LabCoat the Fighter (level 13, -7/122 HPs)
             Began as a Hill Orc Fighter on Oct 17, 2022.
             Was an Elder of Trog.
             Mangled by a five-headed hydra (10 damage)
             ... on level 5 of the Lair of Beasts on Oct 18, 2022.
             The game lasted 01:01:37 (19642 turns).

LabCoat the Fighter (Hill Orc Fighter)             Turns: 19642, Time: 01:01:38

Health: -7/122     AC: 27    Str: 24    XL:     13   Next: 57%
Magic:  22/22      EV: 14    Int:  8    God:    Trog [****..]
Gold:   1146       SH:  0    Dex: 10    Spells: 12/12 levels left

rFire   . . .      SeeInvis .   y - +0 morningstar
rCold   + . .      Faith    .   (no shield)
rNeg    + + .      Spirit   .   g - +2 chain mail {rC+}
rPois   .          Reflect  .   x - +0 helmet of Insatiable Hunger {rN++ Regen+ MP+9}
rElec   .          Harm     .   G - +2 cloak
rCorr   .          Rampage  .   o - +1 pair of gloves {hurl}
Will    .....                   k - +1 pair of boots {Fly}
Stlth   ..........              (no amulet)
HPRegen 1.10/turn               l - +4 ring of evasion
MPRegen 0.18/turn               n - +4 ring of protection

@: about to teleport, on berserk cooldown, flying, slowed, very slow
A: no striking features
a: Renounce Religion, Berserk, Trog's Hand, Brothers in Arms


You were on level 5 of the Lair of Beasts.
You worshipped Trog.
Trog was greatly pleased with you.
You visited 3 branches of the dungeon, and saw 16 of its levels.
You also visited: Gauntlet.

You collected 1146 gold pieces.

Inventory:

Hand Weapons
 b - a +2 flail of holy wrath
 y - a +0 morningstar (weapon)
 I - a +2 broad axe of freezing
 Q - the +3 woodcutter's axe {vorpal}
   (You took it off a minotaur in a Gauntlet)

   It inflicts extra damage upon your enemies.
Missiles
 d - a throwing net
 C - 7 boomerangs (quivered)
 J - a curare-tipped dart
 M - 21 poisoned darts
 R - 6 silver javelins
 T - 4 silver boomerangs
Armour
 c - a +0 buckler
 g - a +2 chain mail of cold resistance (worn)
 j - a +1 pair of gloves
 k - a +1 pair of boots of flying (worn)
 o - a +1 pair of gloves of hurling (worn)
 s - a +1 helmet
 x - the +0 helmet of Insatiable Hunger (worn) {rN++ Regen+ MP+9}
   (You found it in a Gauntlet)

   rN:        It greatly protects you from negative energy.
   MP:        It affects your magic capacity (+9).
   Regen:     It increases your rate of health regeneration.
 G - a +2 cloak (worn)
 N - a +0 plate armour
 V - a scarf of invisibility
Jewellery
 a - an amulet of faith
 f - a ring of ice
 l - a +4 ring of evasion (left hand)
 n - a +4 ring of protection (right hand)
 p - a +4 ring of evasion
 w - a +6 ring of strength
 z - a ring of magical power
 H - a ring of flight
Wands
 m - a wand of digging (14)
 S - a wand of roots (7)
 U - a wand of flame (9)
 Y - a wand of polymorph (6)
Scrolls
 q - 2 scrolls of enchant armour
 t - 2 scrolls of blinking
 u - 4 scrolls of fog
 v - 2 scrolls of fear
 A - a scroll of teleportation
 E - 5 scrolls of noise
 F - 2 scrolls of immolation
 L - a scroll of poison
 P - a scroll of brand weapon
 W - a scroll of enchant weapon
Potions
 e - 3 potions of mutation
 h - 2 potions of curing
 i - 4 potions of flight
 r - 4 potions of lignification
 B - 4 potions of resistance
 D - a potion of magic
 K - 3 potions of ambrosia
 O - a potion of attraction
Miscellaneous
 X - a lightning rod (4/4)


   Skills:
 * Level 13.3 Fighting
 * Level 12.2 Axes
 + Level 6.9 Throwing
 + Level 10.7 Armour
 + Level 6.9 Dodging
 + Level 9.1 Shields
 + Level 7.7 Evocations


You had 12 spell levels left.
You didn't know any spells.
Your spell library contained the following spells:

 Spells                   Type           Power      Damage    Failure   Level
 Magic Dart               Conj           0%         1d3       92%         1
 Searing Ray              Conj           0%         2d4       98%         2
 Confusing Touch          Hex            0%         N/A       100%        3
 Ozocubu's Armour         Ice            0%         N/A       100%        3
 Fulminant Prism          Conj/Hex       0%         3d6       100%        4
 Metabolic Englaciation   Hex/Ice        0%         N/A       100%        5
 Yara's Violent Unravell  Hex/Tmut       0%         3d3       100%        5
 Simulacrum               Ice/Necr       0%         N/A       100%        6
 Enfeeble                 Hex            0%         N/A       100%        7


Dungeon Overview and Level Annotations

Branches:
Dungeon (10/15)            Temple (1/1) D:4            Lair (5/5) D:10
  Swamp (0/4) Lair:3        Snake (0/4) Lair:2        Slime (0/5) Lair:5
    Orc (0/2) D:9         Gauntlet (visited)

Altars:
Ashenzari
Cheibriados
Dithmenos
Elyvilon
Fedhas
Gozag
Hepliaklqana
Kikubaaqudgha
Makhleb
Nemelex Xobeh
Okawaru
Qazlal
Ru
Sif Muna
Trog
Uskayaw
Vehumet
Wu Jian
Xom
Yredelemnul
Zin
The Shining One
Jiyva

Annotations:
D:10 exclusion: statue
Lair:1 3 runed translucent doors, KamiKatze's ghost, journeyman DECj
Lair:2 1 runed translucent door, rlgrobin's ghost, journeyman DESu


Message History

You closely miss the basilisk.
The basilisk is moderately wounded.
You feel very sick. The basilisk closely misses you.
The basilisk hisses menacingly.
The basilisk gazes at you. You resist with almost no effort.
You feel much better.
You feel sick. The basilisk barely misses you.
You sock the basilisk!
The basilisk is severely wounded.
Your surroundings suddenly seem different.
A komodo dragon, a five-headed hydra and a hell hound come into view.
Your skin stops crawling.
You feel less strong-willed.
You feel sick. The hell hound breathes flames at you.
The blast of flame hits you!
* * * LOW HITPOINT WARNING * * *
The komodo dragon barely misses you.
As you read the scroll of teleportation, it crumbles to dust.
You feel strangely unstable.
You feel sick. The komodo dragon barely misses you.
The komodo dragon bites you.
* * * LOW HITPOINT WARNING * * *
You feel better. The hell hound closely misses you.
The hell hound pauses to sniff the ground.
The hell hound bites you.
* * * LOW HITPOINT WARNING * * *
The five-headed hydra bites you!
* * * LOW HITPOINT WARNING * * *
The five-headed hydra bites you but does no damage. x3
The five-headed hydra bites you.
* * * LOW HITPOINT WARNING * * *
The komodo dragon bites you!
* * * LOW HITPOINT WARNING * * *
The hell hound misses you.
The five-headed hydra bites you but does no damage.
The five-headed hydra bites you.
* * * LOW HITPOINT WARNING * * *
The five-headed hydra closely misses you.
The five-headed hydra bites you!
You die...

..........## ****,,,,,,,,,,,,,,,*
..........#*##.........,,~,,~,,**
.##.......#,,.........,,~~,,~~***
.##......##*,........*~≈~~,,~~~~*
.#.......#****......#~§§**++**~~~
.##.......#* *#.....#§§#*,,,,**~*
.#.........* #......§§#,,,,,,*~*
..........,***#..l...≈§#,,,,,,*~*
.##.......#**8#.@h...#~*,,,,,,*~~
..#.......# *#...D..#≈≈#,,,,,,*,~
..#.......# #8#8##.##~~**,,,,**,~
..#......#* #*##**..≈~~~******,~~
##.......# *~~**~~§.§~*~~~~~,~~*
.........## *~~**~~..≈#*~~~~~~,~,
..........##**~~~~~~.##,,~~~***,,
...........# *~~~~~*#.,,,,,,,*,,*
...........# **~~***,,,,,,,,,*,~~


You could see a five-headed hydra, a komodo dragon and a hell hound.

Vanquished Creatures
  Rupert (Lair:4)
  A minotaur (Gauntlet)
  2 boulder beetles
  3 hydras
  Erica (D:8)
  A catoblepas (Lair:2)
  3 death yaks (Lair:2)
  2 two-headed ogres (D:10)
  Amaemon (Lair:3)
  Pikel (D:7)
  4 black mambas
  A torpor snail (Lair:5)
  An orange demon (Lair:3)
  3 cane toads (Lair:4)
  7 komodo dragons
  3 rime drakes
  A troll (D:10)
  A queen bee (D:10)
  4 hornets
  2 tyrant leeches
  3 blink frogs (Lair:4)
  5 wyverns
  33 yaks
  A basilisk (Lair:3)
  A chaos spawn (Gauntlet)
  4 swamp worms (Gauntlet)
  A warg (D:9)
  An acid dragon (D:9)
  3 nagas (Lair:2)
  11 water moccasins
  An ice beast (D:7)
  3 black bears
  A sky beast (D:7)
  5 orc warriors
  4 wolves (Lair:1)
  5 centaurs
  An ogre (D:7)
  3 kobold brigands
  10 bullfrogs
  4 scorpions
  A necrophage (D:5)
  A gnoll sergeant (D:4)
  4 wights (D:7)
  27 killer bees
  A vampire bat (Lair:1)
  A howler monkey (D:3)
  10 jellies
  7 orc priests
  Crazy Yiuf (D:5)
  3 hounds
  3 gnoll boudas
  Terence (D:2)
  2 iguanas (D:6)
  15 orc wizards
  19 gnolls
  9 adders
  2 ufetubi
  3 worms
  3 dart slugs
  52 orcs
  9 endoplasms
  4 giant cockroaches
  10 goblins
  7 hobgoblins
  2 jackals (D:2)
  4 quokkas
  14 ball pythons
  12 bats
  5 frilled lizards
  25 kobolds
  3 rats
403 creatures vanquished.

Vanquished Creatures (others)
  A wight (D:7)
  A bush (Lair:2)
  47 fungi
  43 plants
92 creatures vanquished.

Grand Total: 495 creatures vanquished

Notes
Turn   | Place    | Note
-------+----------+-------------------------------------------
     0 | D:1      | LabCoat the Hill Orc Fighter began the quest for the Orb.
     0 | D:1      | Reached XP level 1. HP: 19/19 MP: 1/1
   384 | D:1      | Reached XP level 2. HP: 23/27 MP: 2/2
   925 | D:1      | Reached XP level 3. HP: 33/33 MP: 3/3
  1068 | D:2      | Noticed Terence
  1076 | D:2      | Killed Terence
  1077 | D:2      | Reached skill level 4 in Fighting
  1077 | D:2      | Reached XP level 4. HP: 23/40 MP: 4/4
  1308 | D:2      | Reached skill level 1 in Evocations
  1448 | D:2      | Found a faded altar of an unknown god.
  1451 | D:2      | Reached skill level 1 in Throwing
  1456 | D:2      | Reached skill level 1 in Dodging
  1874 | D:3      | Reached XP level 5. HP: 47/47 MP: 5/5
  2385 | D:3      | Reached XP level 6. HP: 47/55 MP: 6/6
  2753 | D:3      | Found a hide-covered altar of Uskayaw.
  2799 | D:4      | Reached skill level 5 in Fighting
  2821 | D:4      | Noticed a black bear
  2826 | D:4      | Killed a black bear
  2879 | D:4      | Reached skill level 5 in Axes
  2879 | D:4      | Reached XP level 7. HP: 61/61 MP: 7/7
  2929 | D:4      | Found a staircase to the Ecumenical Temple.
  2978 | Temple   | Entered the Ecumenical Temple
  2983 | Temple   | Became a worshipper of Trog the Wrathful
  3054 | D:5      | Entered Level 5 of the Dungeon
  3747 | D:4      | Found a sparkling altar of Nemelex Xobeh.
  3994 | D:5      | Found a blossoming altar of Fedhas.
  4096 | D:5      | Reached skill level 6 in Fighting
  4118 | D:5      | Found a runed translucent door.
  4119 | D:5      | Noticed Crazy Yiuf
  4127 | D:5      | Killed Crazy Yiuf
  4128 | D:5      | Reached XP level 8. HP: 65/70 MP: 8/8
  4267 | D:5      | Found a stormy altar of Qazlal.
  4290 | D:5      | Found an iron altar of Okawaru.
  4544 | D:6      | Reached * piety under Trog
  4736 | D:6      | Found a basalt altar of Yredelemnul.
  5071 | D:6      | Found a sacrificial altar of Ru.
  5309 | D:7      | Reached skill level 5 in Armour
  5314 | D:7      | Reached skill level 5 in Shields
  5325 | D:7      | Reached skill level 7 in Fighting
  5508 | D:7      | Noticed a wyvern
  5509 | D:7      | Reached XP level 9. HP: 68/79 MP: 9/9
  6030 | D:7      | Reached ** piety under Trog
  6073 | D:7      | Found an ornate altar of the Wu Jian Council.
  6501 | D:7      | Reached skill level 8 in Fighting
  6514 | D:7      | Noticed Pikel
  6528 | D:7      | Killed Pikel
  6971 | D:8      | Noticed a hornet
  6976 | D:8      | Killed a hornet
  6997 | D:8      | Found an opulent altar of Gozag.
  7000 | D:8      | Found a shimmering altar of Xom.
  7095 | D:8      | Noticed Erica
  7120 | D:8      | Reached XP level 10. HP: 50/90 MP: 10/10
  7639 | D:8      | Killed Erica
  7640 | D:8      | Reached skill level 9 in Fighting
  7680 | D:8      | Found a glowing golden altar of the Shining One.
  7942 | D:9      | Found a staircase to the Orcish Mines.
  7982 | D:9      | Reached *** piety under Trog
  9195 | D:9      | Reached skill level 5 in Evocations
  9649 | D:10     | Entered Level 10 of the Dungeon
  9653 | D:10     | Noticed a two-headed ogre
  9658 | D:10     | Killed a two-headed ogre
  9678 | D:10     | Found a radiant altar of Vehumet.
  9743 | D:10     | Reached skill level 5 in Dodging
  9743 | D:10     | Reached XP level 11. HP: 49/99 MP: 11/11
  9749 | D:10     | Reached skill level 10 in Fighting
  9895 | D:10     | Reached skill level 5 in Throwing
 10108 | D:10     | Reached **** piety under Trog
 10109 | D:10     | Reached skill level 10 in Axes
 10212 | D:10     | Found a staircase to the Lair.
 10364 | D:10     | Noticed a two-headed ogre
 10372 | D:10     | Killed a two-headed ogre
 11368 | Lair:1   | Entered Level 1 of the Lair of Beasts
 12019 | Lair:1   | Reached skill level 11 in Fighting
 12200 | Lair:1   | Noticed a six-headed hydra
 12209 | Lair:1   | Killed a six-headed hydra
 12402 | Lair:1   | Found a runed translucent gate.
 12404 | Lair:1   | Found a runed translucent gate.
 12404 | Lair:1   | Found a runed translucent gate.
 12510 | Lair:1   | Noticed an eight-headed hydra
 12525 | Lair:1   | Killed an eight-headed hydra
 12526 | Lair:1   | Reached XP level 12. HP: 22/110 MP: 12/12
 13438 | Lair:1   | Noticed KamiKatze's ghost (journeyman DECj)
 13455 | Lair:2   | Found a runed translucent door.
 13459 | Lair:2   | Noticed rlgrobin's ghost (journeyman DESu)
 13488 | Lair:2   | Noticed a catoblepas
 13549 | Lair:2   | Noticed a death yak
 13549 | Lair:2   | Noticed a death yak
 13550 | Lair:2   | Noticed a death yak
 13579 | Lair:2   | Killed a death yak
 13582 | Lair:2   | Killed a death yak
 13592 | Lair:2   | Killed a death yak
 13902 | Lair:2   | Reached ***** piety under Trog
 13956 | Lair:2   | Killed a catoblepas
 14330 | Lair:2   | Reached skill level 12 in Fighting
 14650 | Lair:2   | Found a staircase to the Snake Pit.
 15411 | Lair:3   | Noticed Amaemon
 15427 | Lair:3   | Killed Amaemon
 15850 | Lair:3   | Noticed a boulder beetle
 15867 | Lair:3   | Killed a boulder beetle
 16563 | Lair:3   | Found a staircase to the Swamp.
 17230 | Lair:4   | Reached skill level 10 in Armour
 17230 | Lair:4   | Reached XP level 13. HP: 92/119 MP: 13/13
 17230 | Lair:4   | Noticed Rupert
 17290 | Lair:4   | Found a gate leading to a gauntlet.
 17358 | Gauntlet | Entered a Gauntlet
 17358 | Gauntlet | Found a transporter.
 17495 | Gauntlet | Found a transporter.
 17509 | Gauntlet | Found a transporter.
 17513 | Gauntlet | Found a large runed translucent door.
 17513 | Gauntlet | Found a large runed translucent door.
 17514 | Gauntlet | Found a large runed translucent door.
 17514 | Gauntlet | Found a large runed translucent door.
 17515 | Gauntlet | Found a runed translucent door.
 17516 | Gauntlet | Found a transporter.
 17517 | Gauntlet | Found a runed translucent door.
 17518 | Gauntlet | Found a large runed translucent door.
 17518 | Gauntlet | Found a large runed translucent door.
 17519 | Gauntlet | Found a large runed translucent door.
 17520 | Gauntlet | Found a large runed translucent door.
 17525 | Gauntlet | Found a large runed translucent door.
 17525 | Gauntlet | Found a large runed translucent door.
 17526 | Gauntlet | Found a large runed translucent door.
 17526 | Gauntlet | Found a large runed translucent door.
 17527 | Gauntlet | Found a large runed translucent door.
 17527 | Gauntlet | Found a large runed translucent door.
 17527 | Gauntlet | Found a large runed translucent door.
 17529 | Gauntlet | Found a runed translucent gate.
 17529 | Gauntlet | Found a runed translucent gate.
 17529 | Gauntlet | Found a runed translucent gate.
 17531 | Gauntlet | Found a transporter.
 17542 | Gauntlet | Found a large runed translucent door.
 17550 | Gauntlet | Found a transporter.
 17565 | Gauntlet | Found a transporter.
 17574 | Gauntlet | Found a transporter.
 17579 | Gauntlet | Found a transporter.
 17579 | Gauntlet | Found a transporter.
 17630 | Gauntlet | Found a transporter.
 17637 | Gauntlet | Found a transporter.
 17639 | Gauntlet | Found a transporter.
 17660 | Gauntlet | Found a transporter.
 17667 | Gauntlet | Noticed a reaper
 17671 | Gauntlet | Found a transporter.
 17719 | Gauntlet | Found a transporter.
 17751 | Gauntlet | Found a transporter.
 17778 | Gauntlet | Found a transporter.
 18339 | Gauntlet | Identified the +0 helmet of Insatiable Hunger {rN++ Regen+
                  | MP+9}
 18452 | Gauntlet | Noticed a minotaur
 18467 | Gauntlet | Killed a minotaur
 18578 | Lair:4   | Paralysed by Rupert for 5 turns
 18595 | Lair:4   | Killed Rupert
 18596 | Lair:4   | Reached skill level 13 in Fighting
 19156 | Lair:5   | Entered Level 5 of the Lair of Beasts
 19230 | Lair:5   | Found a viscous altar of Jiyva.
 19235 | Lair:5   | Found a staircase to the Slime Pits.
 19642 | Lair:5   | HP: 6/122 [komodo dragon (8)]
 19642 | Lair:5   | Mangled by a five-headed hydra

Illustrated notes

Levels and vault maps discovered:
D:1:      wander_arrival_peaceful_grave, layout_basic, dk_noncrumbling_3
D:2:      layout_loops_cross, hellmonk_ecumenical_altar_dog_temple, uniq_terence
D:3:      minmay_chambers_of_threes, layout_loops_ring, lemuel_doored_altar
D:4:      layout_basic, mainiacjoe_overflow_concentric_impassable,
          minmay_temple_entry_junction
D:5:      layout_basic, okawaru_metal_pillars_1_2, grunt_qazlal_clouds,
          lemuel_crystal_altar, uniq_crazy_yiuf_cottage
D:6:      layout_loops_cross, lemuel_round_altar, overflow_temple_1_default,
          nicolae_underground_beach
D:7:      layout_loops_corners, mainiacjoe_overflow_chevrons, uniq_pikel
D:8:      layout_rooms, mainiacjoe_overflow_alcove_2,
          mainiacjoe_overflow_catwalk_spiral, uniq_erica
D:9:      layout_grid_maze, erik_orc_3
D:10:     layout_loops_cross, vehumet_statue, due_lair_maze_entry_diamond,
          special_room [special_room_bee]
Temple:   hellmonk_temple_micro_hex
Lair:1:   layout_concentric_octagons, ebering_ghost_rock_garden, roderic_batcave
Lair:2:   layout_cave_pods, guppyfry_snake_entry_garden,
          ebering_ghost_reflecting_pool
Lair:3:   layout_gridlike, minmay_swamp_entry_worms, uniq_amaemon
Lair:4:   layout_loops_ring, gauntlet_entry_generic,
          infiniplex_staircase_pool_2, uniq_rupert
Lair:5:   cheibrodos_lair_end_hotspot, layout_regular_city,
          minmay_slime_entry_jelly_boxes, infiniplex_staircase_pool

Skill      XL: |  1  2  3  4  5  6  7  8  9 10 11 12 13 |
---------------+----------------------------------------+-----
Axes           | 3 4 5 6 7 8 9 10 11 12 | 12.2
Fighting       | 4 5 6 7 8 9 11 12 13 | 13.3
Evocations     | 1 2 3 4 5 6 7 |  7.7
Throwing       | 1 2 3 4 5 6 |  6.9
Dodging        | 1 2 3 5 6 |  6.9
Armour         | 4 5 6 8 10 | 10.7
Shields        | 4 5 6 7 8 9 |  9.1

Action                   |  1- 3 |  4- 6 |  7- 9 | 10-12 | 13-15 || total
-------------------------+-------+-------+-------+-------+-------++-------
Melee: War axe           |    75 |   118 |   295 |   510 |       ||   998
       Morningstar       |       |       |       |     9 |     9 ||    18
       Broad axe         |       |       |       |   188 |    49 ||   237
       Battleaxe         |       |       |       |       |    69 ||    69
Throw: Dart              |       |    23 |     6 |    12 |       ||    41
       Throwing net      |       |       |     2 |       |       ||     2
       Boomerang         |       |       |    21 |    98 |    23 ||   142
Invok: Berserk           |       |       |     1 |     6 |     4 ||    11
       Trog's Hand       |       |       |       |     6 |     3 ||     9
Evoke: Wand              |       |       |     6 |    13 |     1 ||    20
  Use: Scroll            |     4 |     5 |    13 |    14 |     6 ||    42
       Potion            |       |       |     7 |    10 |     3 ||    20
 Stab: Invisible         |       |       |     1 |       |     2 ||     3
       Petrified         |       |       |       |     3 |       ||     3
Armor: Scale mail        |    28 |       |       |       |       ||    28
       Chain mail        |    22 |    58 |   161 |   338 |    79 ||   658
       Plate armour      |       |       |    26 |   104 |       ||   130
Dodge: Dodged            |    36 |    75 |   207 |   493 |   109 ||   920
Block: Buckler           |    10 |    22 |    71 |   226 |    15 ||   344
